 Dungeon Crawl Stone Soup version 0.23.2-40-g277498a001 (webtiles) character file.

Game seed: 1505947705035826242

120 Nivan the Grave Robber (level 4, -3/24 HPs)
             Began as a Deep Elf Necromancer on Sept 27, 2019.
             Slain by a goblin
             ... wielding a +0 club
             ... led by Robin
              (8 damage)
             ... on level 2 of the Dungeon.
             The game lasted 00:17:17 (1900 turns).

Nivan the Grave Robber (Deep Elf Necromancer)       Turns: 1900, Time: 00:17:18

Health: -3/24      AC:  2    Str:  5    XL:     4   Next: 75%
Magic:  9/13       EV: 13    Int: 21    God:
Gold:   50         SH:  0    Dex: 15    Spells: 8/13 levels left

rFire    . . .     SeeInvis .   m - +0 rapier
rCold    . . .     Gourm    .   (no shield)
rNeg     . . .     Faith    .   a - +0 robe
rPois    .         Spirit   .   (no helmet)
rElec    .         Reflect  .   (no cloak)
rCorr    .         Harm     .   (no gloves)
MR       .....                  (no boots)
Stlth    ++........             (no amulet)
HPRegen  1.08/turn              (no ring)
MPRegen  0.13/turn              (no ring)

@: regenerating
A: no striking features
a: no special abilities


You were on level 2 of the Dungeon.
You were not hungry.

You visited 1 branch of the dungeon, and saw 4 of its levels.

You collected 50 gold pieces.

Inventory:

Hand Weapons
 l - a +0 hunting sling
 m - a +0 rapier (weapon)
Armour
 a - a +0 robe (worn)
 g - quicksilver dragon scales
Jewellery
 f - a +3 amulet of reflection {unknown}
Scrolls
 j - a scroll of remove curse {unknown}
 k - a scroll of teleportation
 n - a scroll of identify {unknown}
Potions
 b - a potion of brilliance {unknown}
 e - 2 potions of curing {unknown}
 h - a potion of agility {unknown}
 i - a potion of heal wounds {unknown}
Comestibles
 c - 2 rations
 d - a chunk of flesh


   Skills:
 + Level 2.7 Dodging
 + Level 2.7 Stealth
 + Level 5.3 Spellcasting
 + Level 5.9 Necromancy


You had 8 spell levels left.
You knew the following spells:

 Your Spells              Type           Power        Failure   Level  Hunger
a - Pain                  Necr           ####         1%          1    None
b - Animate Skeleton      Necr           N/A          1%          1    None
c - Regeneration          Chrm/Necr      ###.......   9%          3    ##.....

Your spell library contained the following spells:

 Spells                   Type           Power        Failure   Level  Hunger
 Vampiric Draining        Necr           ####......   2%          3    ##.....
 Animate Dead             Necr           N/A          9%          4    ####...


Dungeon Overview and Level Annotations

Branches:
Dungeon (4/15)
 Temple: D:4-7

Altars:

Annotations:
D:2 Robin


Message History

Robin roars a battlecry!
The goblins go into a battle-frenzy!
You hit the goblin.
The goblin is severely wounded.
The goblin barely misses you. Robin throws the goblin at you!
The goblin misses you. The goblin hits you with a +0 dagger.
You hit the goblin.
You kill the goblin!
Robin throws the goblin at you! The goblin barely misses you.
The goblin hits you but does no damage.
You closely miss the goblin.
A goblin comes into view. It is wielding a +0 dagger.
The goblin closely misses you. x2; Robin throws the goblin at you!
The goblin moves out of view.
Casting: Animate Skeleton (safe; 1% risk of failure)
Confirm with . or Enter, or press ? or * to list all spells.
Your skin crawls.
The goblin hits you with a +0 dagger.
* * * LOW HITPOINT WARNING * * *
The goblin completely misses you. The goblin hits you with a +0 club!
You die...

#### #........# ##.#†.#.##
#.####.....# ##.#.÷#.# #÷# ..###
###...... ♣#####.### ##
###.#..#.#' ...#.....#
###.#..#.###. P....#.#.###.#
###.#..#.###... P.............
#+#.#..#.###....#
P....#.#.###.####g#..#.###....#..
♣###.....###.##.@g.#.###...##.##.
#......g...##g#..###..[#..#.[#.
####...g...ghh#### ############
## #..###gg#h#....... .#####..#
#(.#w#####.## .)......# # #.#
.......## #.### ........... ....
.###.###### ...


You could see a worm, Robin, 3 jackals, a hobgoblin and 4 goblins.

Vanquished Creatures
  A worker ant (D:4)
  4 adders (D:2)
  A worm (D:2)
  2 dart slugs (D:1)
  A leopard gecko (D:3)
  4 giant cockroaches
  8 hobgoblins
  3 jackals (D:2)
  A kobold (D:2)
  A quokka (D:3)
  2 ball pythons
  6 bats
  4 frilled lizards
  8 goblins
  3 rats
49 creatures vanquished.

Vanquished Creatures (collateral kills)
  2 kobolds (D:1)
  A goblin (D:1)
3 creatures vanquished.

Grand Total: 52 creatures vanquished

Notes
Turn   | Place    | Note
-------+----------+-------------------------------------------
     0 | D:1      | Nivan the Deep Elf Necromancer began the quest for the Orb.
     0 | D:1      | Reached XP level 1. HP: 10/10 MP: 6/6
    24 | D:1      | Learned a level 1 spell: Animate Skeleton
    94 | D:1      | Reached skill level 5 in Necromancy
   245 | D:1      | Reached XP level 2. HP: 11/15 MP: 8/8
  1010 | D:2      | Reached XP level 3. HP: 11/19 MP: 1/10
  1012 | D:2      | Noticed Robin
  1345 | D:2      | Learned a level 3 spell: Regeneration
  1385 | D:2      | You fall through a shaft for 2 floors!
  1465 | D:3      | Reached XP level 4. HP: 15/24 MP: 7/12
  1658 | D:2      | Reached skill level 5 in Spellcasting
  1900 | D:2      | Slain by a goblin

Skill      XL: |  1  2  3  4 |
---------------+-------------+-----
Necromancy     | 5 |  5.9
Spellcasting   | 4 5 |  5.3
Dodging        | |  2.7
Stealth        | |  2.7

Action                   |  1- 3 |  4- 6 || total
-------------------------+-------+-------++-------
Melee: Unarmed           |     2 |     1 ||     3
       Rapier            |       |    19 ||    19
 Cast: Pain              |    53 |    30 ||    83
       Animate Skeleton  |     3 |     3 ||     6
       Regeneration      |     1 |     3 ||     4
  Use: Scroll            |     1 |       ||     1
 Stab: Sleeping          |       |     2 ||     2
  Eat: Chunk             |     2 |     1 ||     3
Armor: Robe              |     4 |     3 ||     7
Dodge: Dodged            |    11 |    26 ||    37
